 Dungeon Crawl Stone Soup version 0.30-a0-368-g86fb4627a9 (webtiles) character file.

Game seed: 13339079307496831680

58 retardedninja the Shield-Bearer (level 3, 0/33 HPs)
             Began as a Minotaur Fighter on Nov 18, 2022.
             Constricted to death by Robin (4 damage)
             ... on level 3 of the Dungeon.
             The game lasted 00:01:42 (859 turns).

retardedninja the Shield-Bearer (Minotaur Fighter)   Turns: 859, Time: 00:01:42

Health: 0/33       AC:  7    Str: 22    XL:     3   Next: 75%
Magic:  2/2        EV:  6    Int:  5    God:
Gold:   116        SH:  4    Dex:  9    Spells: 2/2 levels left

rFire   . . .      SeeInvis .    a - +0 war axe
rCold   . . .      Faith    .    c - +0 buckler
rNeg    . . .      Spirit   .    b - +0 scale mail
rPois   .          Reflect  .    (helmet restricted)
rElec   .          Harm     .    (no cloak)
rCorr   .          Rampage  .    (no gloves)
Will    .....                    (no boots)
Stlth   ..........               (no amulet)
HPRegen 0.25/turn                (no ring)
MPRegen 0.08/turn                (no ring)

@: grasped by roots, constricted
A: horns 2, retaliatory headbutt
a: no special abilities


You were on level 3 of the Dungeon.
You visited 1 branch of the dungeon, and saw 3 of its levels.

You collected 116 gold pieces.

Inventory:

Hand Weapons
 a - a +0 war axe (weapon)
Missiles
 e - 5 boomerangs (quivered)
 g - 2 throwing nets
Armour
 b - a +0 scale mail (worn)
 c - a +0 buckler (worn)
Jewellery
 j - a ring of poison resistance
Scrolls
 f - a scroll of fear {unknown}
 i - a scroll of immolation {unknown}
 k - a scroll of vulnerability {unknown}
Potions
 d - a potion of might


   Skills:
 + Level 4.2 Fighting
 + Level 3.3 Axes
 + Level 4.2 Armour
 + Level 4.2 Shields


You had 2 spell levels left.
You didn't know any spells.
Your spell library contained the following spells:

 Spells                   Type           Power      Damage    Failure   Level
 Magic Dart               Conj           0%         1d3       87%         1
 Call Imp                 Summ           0%         N/A       95%         2
 Mephitic Cloud           Conj/Pois/Air  0%         N/A       99%         3


Dungeon Overview and Level Annotations

Branches:
Dungeon (3/15)

Altars:

Annotations:
D:3 Robin


Innate Abilities, Weirdness & Mutations

You have a pair of horns on your head.
You reflexively headbutt those who attack you in melee.


Message History

The goblin is severely wounded.
The goblin barely misses you.
Robin zaps a wand.
The roots erupt in riotous growth!
The grasping roots grab you!
The goblin is unaffected.
The grasping roots constrict you. x2
You block the goblin's attack.
You hear an angry hiss.
Unknown command.
You barely miss the goblin. You headbutt the goblin.
You kill the goblin!
You closely miss Robin. You block Robin's attack.
The grasping roots constrict you.
Unknown command.
You closely miss Robin. You headbutt Robin, but do no damage.
You barely miss the hobgoblin. Robin hits you with a +0 mace.
The grasping roots constrict you. You block the hobgoblin's attack.
The grasping roots release their grip on you.
Unknown command.
You are too injured to fight recklessly!
Unknown command.
You are too injured to fight recklessly!
You hit Robin.
Robin is moderately wounded.
You closely miss the hobgoblin.
Robin zaps a wand.
The roots erupt in riotous growth!
The grasping roots grab you!
The hobgoblin is unaffected.
Robin is unaffected.
The grasping roots constrict you. The hobgoblin barely misses you.
An adder comes into view.
Robin says, "Feeling lonely?"
Robin hits you but does no damage. The grasping roots constrict you.
* * * LOW HITPOINT WARNING * * *
The hobgoblin hits you.
* * * LOW HITPOINT WARNING * * *
The adder moves out of view.
You slash Robin! You headbutt Robin, but do no damage.
Robin is almost dead.
You closely miss the hobgoblin. Robin barely misses you.
The grasping roots constrict you.
You die...

... ...###
...# .....##
. ... ......
#. .. .....
#. #. ...#
###.##)##.<.
...S..)gg#
..##.#@#
#.#..)##
#.#.#..#
#.....#.# .#
###.....##.#
##.# ###
#......##
#.##..#
#..##
#.###.##
.....# #.#.#
# #.# ##..#
#... #.#
######..#
#..#


You could see Robin, an adder and a hobgoblin (strong).

Vanquished Creatures
  A gnoll (D:3)
  An adder (D:3)
  A dart slug (D:1)
  A giant cockroach (D:1)
  2 hobgoblins (D:1)
  2 kobolds (D:1)
  5 ball pythons (D:1)
  3 bats (D:1)
  3 frilled lizards (D:1)
  13 goblins
  2 rats
34 creatures vanquished.

Notes
Turn   | Place    | Note
-------+----------+-------------------------------------------
     0 | D:1      | retardedninja the Minotaur Fighter began the quest for the
                  | Orb.
     0 | D:1      | Reached XP level 1. HP: 19/19 MP: 0/0
   140 | D:1      | Reached XP level 2. HP: 27/27 MP: 1/1
   768 | D:3      | Reached XP level 3. HP: 23/33 MP: 2/2
   848 | D:3      | Noticed Robin
   859 | D:3      | Constricted to death by Robin

Illustrated notes

Levels and vault maps discovered:
D:1:      eino_arrival_water_star, layout_rooms
D:2:      minmay_chambers_of_twos, layout_loops_cross,
          dreamdust_ecumenical_altar_hidden_monk_grotto
D:3:      layout_loops_ring, mainiacjoe_overflow_catch_the_wave, serial_shops,
          shop_fountains, uniq_robin

Skill      XL: |  1  2 |
---------------+-------+-----
Fighting       | 4 |  4.2
Armour         | 4 |  4.2
Shields        | 4 |  4.2
Axes           | 3 |  3.3

Action                   || total
-------------------------++-------
Melee: War axe           ||    60
       Headbutt          ||    12
Throw: Boomerang         ||     1
  Use: Scroll            ||     1
       Potion            ||     1
Armor: Scale mail        ||    35
Dodge: Dodged            ||    35
Block: Buckler           ||    20

Table legend: (Time is in decaauts)
 A = Elapsed time spent in this place.
 B = Non-inter-level travel time spent in this place.
 C = Inter-level travel time spent in this place.
 D = Time resting spent in this place.
 E = Time spent auto-exploring this place.
 F = Levels seen in this place.
 G = Mean time per level.
                   A        B        C        D        E       F      G
               +--------+--------+--------+--------+--------+-----+--------+
         Total |    887 |    877 |     10 |    327 |    384 |   3 |  295.7 |
       Dungeon |    887 |    877 |     10 |    327 |    384 |   3 |  295.7 |
               +--------+--------+--------+--------+--------+-----+--------+

Top non-repeatable levels by time:
     D:1: 473 daAuts
     D:3: 396 daAuts
     D:2: 16 daAuts
